AoeStats
← O grande

Arabian Desert

509071610Analyzed
1v1 RM · 6d ago on Sep 25, 2026· 57m 2s· 2 players
Game mode
Random Map
Map size
Tiny (2 player)
Population
200
Speed
Normal
Resources
Standard
Victory
Conquest
Starting age
Dark Age
Ending age
Imperial Age
RankedLock teamsTeams togetherTeam positionsShared explorationLock speedFull tech treeHidden civsTurbo modeCheats
Victory
Defeat
🇳🇱 Varangians · Netherlands
2075
+17
🇧🇷 Chinese · Brazil
2105
-17
squashy5000
6:17 Loom
8:42 Feudal Age
9:46 Double-Bit Axe
11:15 Horse Collar
14:31 Bloodlines
18:23 Forging
21:51 Castle Age
20:10 Fletching
21:52 Gold Mining
22:18 Padded Archer Armor
23:11 Wheelbarrow
22:00 Crossbowman
22:55 Bodkin Arrow
29:06 Hand Cart
30:30 Scale Barding Armor
32:33 Devotion
36:49 Imperial Age
35:08 Town Watch
35:26 Husbandry
36:30 Iron Casting
36:28 Chain Barding Armor
40:10 Plate Barding Armor
41:46 Blast Furnace
41:17 Elite Jarl
42:10 Cavalier
43:41 Bow Saw
44:29 Vendel Legacy
45:31 Conscription
46:35 Two-Man Saw
51:40 Bracer
51:55 Leather Archer Armor
52:16 Heavy Plow
53:39 Town Patrol
53:27 Light Cavalry
55:28 Guilds
55:27 Gambesons
56:15 Ring Archer Armor
55:51 Scale Mail Armor
55:55 Guard Tower
56:25 Ballistics
57:06 Chemistry
56:17 Masonry
55:32 Gothikon
57:00 Chain Mail Armor
57:15 Ring Archer Armor
56:48 Squires
56:34 Arson
57:18 Murder Holes
O grande
0:25 Loom
8:52 Feudal Age
9:25 Double-Bit Axe
9:50 Horse Collar
12:53 Town Watch
17:13 Wheelbarrow
20:02 Castle Age
19:01 Gold Mining
19:53 Scale Mail Armor
21:46 Chain Mail Armor
22:15 Squires
22:28 Forging
22:35 Bow Saw
22:26 Heavy Plow
33:14 Fletching
33:36 Bloodlines
33:27 Husbandry
37:17 Imperial Age
35:17 Bodkin Arrow
35:48 Padded Archer Armor
36:28 Ballistics
37:08 Leather Archer Armor
37:04 Bloodlines
36:55 Husbandry
37:20 Capped Ram
38:10 Bracer
40:21 Crossbowman
41:11 Thumb Ring
42:05 Ring Archer Armor
43:01 Hand Cart
44:45 Chemistry
45:16 Arbalester
48:38 Pikeman
52:40 Plate Mail Armor
53:51 Halberdier
Connection lost

Rejoining the realm…

Still unreachable

The connection could not be restored.

Session expired

The server has moved on; the page needs a fresh start.